 Dungeon Crawl Stone Soup version 0.28-a0-998-gb9e9c7b67e (webtiles) character file.

Game seed: 17162633274443972823

7 ytrimaz the Insei (level 2, -2/18 HPs)
             Began as an Octopode Transmuter on Dec 6, 2021.
             Slain by a hobgoblin (3 damage)
             ... on level 1 of the Dungeon.
             The game lasted 00:00:31 (491 turns).

ytrimaz the Insei (Octopode Transmuter)              Turns: 491, Time: 00:00:32

Health: -2/18      AC:  1    Str:  9    XL:     2   Next: 4%
Magic:  5/5        EV: 13    Int: 15    God:
Gold:   11         SH:  0    Dex: 12    Spells: 4/5 levels left

rFire   . . .      SeeInvis .     - Unarmed
rCold   . . .      Faith    .   (no shield)
rNeg    . . .      Spirit   .   (helmet restricted)
rPois   .          Reflect  .   (no amulet)
rElec   .          Harm     .   (no ring)
rCorr   .          Rampage  .   (no ring)
Will    .....                   (no ring)
Stlth   ++........              (no ring)
HPRegen 0.06/turn               (no ring)
MPRegen 0.09/turn               (no ring)
                                (no ring)
                                (no ring)

@: lethally poisoned (-2 -> -9), invisible
A: almost no armour, amphibious, 8 rings, camouflage 1, gelatinous body 1,
(nimble swimmer 1), tentacles
a: no special abilities


You were on level 1 of the Dungeon.
You visited 1 branch of the dungeon, and saw 1 of its levels.

You collected 11 gold pieces.

You aren't carrying anything.


   Skills:
 * Level 1.2 Fighting
 - Level 2.0 Dodging
 + Level 3.2 Unarmed Combat
 + Level 2.1 Spellcasting
 + Level 2.0 Transmutations


You had 4 spell levels left.
You knew the following spells:

 Your Spells              Type           Power      Damage    Failure   Level
a - Beastly Appendage     Tmut           14%        N/A       10%         1

Your spell library contained the following spells:

 Spells                   Type           Power      Damage    Failure   Level
 Wereblood                Tmut           7%         N/A       14%         2
 Spider Form              Tmut/Pois      4%         N/A       41%         3
 Ice Form                 Ice/Tmut       4%         N/A       82%         4


Dungeon Overview and Level Annotations

Branches:
Dungeon (1/15)

Altars:


Innate Abilities, Weirdness & Mutations

You cannot wear most types of armour.
You are amphibious.
You can wear up to eight rings at the same time.
Your skin changes colour to match your surroundings (Stealth+).
Your rubbery body absorbs attacks. (AC +1, EV +1)
((You are camouflaged near water. (Stealth+)))
You have tentacles for arms and can constrict up to eight enemies at once.


Message History

You barely miss the kobold. You grab the kobold. You constrict the kobold.
The kobold hits you with a +0 whip.
You tentacle-slap the kobold but do no damage.
The kobold is moderately wounded.
You constrict the kobold. The kobold hits you with a +0 whip.
One of your tentacles grows a vicious spike.
You constrict the kobold. The kobold hits you with a +0 whip.
You tentacle-slap the kobold but do no damage.
You pierce the kobold, but do no damage.
The kobold is severely wounded.
You constrict the kobold.
You kill the kobold!
The goblin shouts!
You hear a shout!
A hobgoblin comes into view.
The hobgoblin shouts!
You see here a +0 whip.
Unknown command.
Your transformation is almost over.
You miss the goblin. Your grab misses the goblin.
The goblin closely misses you.
You barely miss the goblin. You grab the goblin. You constrict the goblin.
The goblin hits you with a +2 dagger of venom.
You are lethally poisoned!
You tentacle-slap the goblin.
You kill the goblin!
* * * LOW HITPOINT WARNING * * *
You feel very sick.
You have reached level 2!
Okay, then.
You tentacle-slap the hobgoblin. Your grab misses the hobgoblin.
Your tentacle spike misses the hobgoblin.
The hobgoblin is heavily wounded.
* * * LOW HITPOINT WARNING * * *
You feel sick.
A goblin comes into view. It is wielding a +0 club.
The hobgoblin misses you.
You fade into invisibility!
Your tentacle spike disappears.
* * * LOW HITPOINT WARNING * * *
You feel sick. The hobgoblin hits you.
You die...

#.. .....(....# #.
#.##########......# #.
#.#........#......# #.
#.#.######.#.#.#### ###.
#.#..........#.# #...
#.#.######.###.# #.#.
.######.#............######...
.......)##.#####.####..†......
............g@........#####...
.......g...#####.###### #...
############ #.## .. ....
....##.#....... ..........>#
#.#.#..##### #.#.#..# ...#..#
### #..#..# #..


You could see a hobgoblin and a goblin (wandering).

Vanquished Creatures
  A goblin (D:1)
  2 ball pythons (D:1)
  3 kobolds (D:1)
  3 rats (D:1)
9 creatures vanquished.

Notes
Turn   | Place    | Note
-------+----------+-------------------------------------------
     0 | D:1      | ytrimaz the Octopode Transmuter began the quest for the
                  | Orb.
     0 | D:1      | Reached XP level 1. HP: 13/13 MP: 3/3
   490 | D:1      | Reached XP level 2. HP: 4/18 MP: 5/5
   491 | D:1      | Slain by a hobgoblin

Illustrated notes

Levels and vault maps discovered:
D:1:      nzn_arrival_water_spiral, layout_basic,
          hellmonk_ecumenical_altar_lost_god

Action                   || total
-------------------------++-------
Melee: Unarmed           ||    25
       Constrict         ||     7
       Kick              ||     1
       Tentacles         ||     1
 Cast: Beastly Appendage ||     2
  Use: Scroll            ||     1
       Potion            ||     1
 Stab: Sleeping          ||     6
Armor: Skin              ||     1
Dodge: Dodged            ||    12

Table legend: (Time is in decaauts)
 A = Elapsed time spent in this place.
 B = Non-inter-level travel time spent in this place.
 C = Inter-level travel time spent in this place.
 D = Time resting spent in this place.
 E = Time spent auto-exploring this place.
 F = Levels seen in this place.
 G = Mean time per level.
                   A        B        C        D        E       F      G
               +--------+--------+--------+--------+--------+-----+--------+
         Total |    489 |    489 |      0 |      0 |    401 |   1 |  489.0 |
       Dungeon |    489 |    489 |      0 |      0 |    401 |   1 |  489.0 |
               +--------+--------+--------+--------+--------+-----+--------+

Top non-repeatable levels by time:
     D:1: 489 daAuts
